 Dungeon Crawl Stone Soup version 0.19.4-12-gccf7e64 (webtiles) character file.

354 Magnus the Slasher (level 6, -6/35 HPs)
             Began as a Tengu Gladiator on Feb 26, 2017.
             Killed by divine providence
             ... invoked by an orc priest
              (14 damage)
             ... on level 4 of the Dungeon.
             The game lasted 00:08:16 (4743 turns).

Magnus the Slasher (Tengu Gladiator)                Turns: 4743, Time: 00:08:16

Health: -6/35      AC:  6    Str: 15    XL:     6   Next: 63%
Magic:  7/7        EV: 13    Int:  9    God:
Gold:   219        SH:  0    Dex: 16    Spells: 0 memorised, 5 levels left

rFire  . . .     SeeInvis .     a - +0 long sword
rCold  . . .     Gourm    .     b - +0 leather armour
rNeg   . . .     Faith    .     (no shield)
rPois  .         Spirit   .     c - +0 hat
rElec  .         Reflect  .     (no cloak)
rCorr  .         Harm     .     n - +2 pair of gloves
MR     .....                    (boots unavailable)
Stlth  +.........               (no amulet)
                                (no ring)
                                (no ring)

@: no status effects
A: beak, talons 3, able to fly 1
a: Fly


You were on level 4 of the Dungeon.
You were not hungry.

You visited 1 branch of the dungeon, and saw 4 of its levels.

You collected 219 gold pieces.

Inventory:

Hand Weapons
 a - a +0 long sword (weapon)
Missiles
 d - 3 throwing nets (quivered)
Armour
 b - a +0 leather armour (worn)
 c - a +0 hat (worn)
 n - a +2 pair of gloves (worn)
Jewellery
 j - an uncursed ring of see invisible {unknown}
Scrolls
 e - a scroll of magic mapping {unknown}
 k - 2 scrolls of identify
 m - a scroll of recharging {unknown}
 p - a scroll of teleportation {unknown}
 q - a scroll of blinking {unknown}
Potions
 h - a potion of beneficial mutation {unknown}
 i - a potion of heal wounds {unknown}
 l - a potion of flight {unknown}
Comestibles
 f - 2 bread rations
 g - a slice of pizza
 o - 2 meat rations
 r - 2 chunks of flesh


   Skills:
 - Level 2.0 Fighting
 + Level 7.9 Long Blades
 - Level 2.0 Throwing
 - Level 3.2 Dodging


You had 5 spell levels left.
You didn't know any spells.

Dungeon Overview and Level Annotations

Branches:
Dungeon (4/15)
 Temple: D:4-7

Altars:
Cheibriados
Dithmenos
Elyvilon
Fedhas
Gozag
Nemelex Xobeh
Ru
Trog
Xom

Annotations:
D:3 zegmoder's ghost, weakling DsBe


Innate Abilities, Weirdness & Mutations

You have a beak for a mouth.
You have claws for feet.
You can fly.


Message History

The orc is heavily wounded.
The orc priest hits you but does no damage.
Things that are here:
a dagger; a robe Unknown command.
You barely miss the orc. You claw the orc.
The orc is almost dead.
The orc hits you but does no damage.
Unknown command.
You barely miss the orc. You claw the orc, but do no damage.
The orc is almost dead.
The orc hits you with a club.
* * * LOW HITPOINT WARNING * * *
The orc priest casts a cantrip, but nothing happens.
Unknown command.
You slash the orc!
You kill the orc!
The orc priest invokes the aid of Beogh against you.
Beogh smites you!
You die...

#.........#
#.#########
#.# #.# #.#
#.# #####.#
#.# #.....#
#.# #.#####
#.# #.# #.#
#@#
#.#######o#
#.#......o#
#...#######
#...# #...#
.#######.o#
..........#
.#######.o#


You could see an orc priest and an orc.

Vanquished Creatures
  The ghost of sheala the Conjurer, an amateur DECj (D:4)
  A scorpion (D:4)
  2 orc wizards
  An iguana (D:4)
  5 adders
  An ooze (D:2)
  2 worms
  2 dart slugs
  2 leopard geckos
  5 orcs
  2 giant cockroaches (D:3)
  14 hobgoblins
  4 jackals (D:2)
  10 kobolds
  A quokka (D:2)
  2 ball pythons
  A ball python skeleton (D:3)
  16 bats
  9 frilled lizards
  9 goblins
  7 rats
97 creatures vanquished.

Vanquished Creatures (others)
  A dart slug (D:3)
1 creature vanquished.

Grand Total: 98 creatures vanquished

Notes
Turn   | Place    | Note
-------+----------+-------------------------------------------
     0 | D:1      | Magnus the Tengu Gladiator began the quest for the Orb.
     0 | D:1      | Reached XP level 1. HP: 12/12 MP: 2/2
   217 | D:1      | Reached XP level 2. HP: 17/17 MP: 3/3
   248 | D:1      | Reached skill level 4 in Long Blades
   799 | D:1      | Reached XP level 3. HP: 21/21 MP: 4/4
  1460 | D:2      | Reached skill level 5 in Long Blades
  1545 | D:2      | Found a shadowy altar of Dithmenos.
  1552 | D:2      | Found a bloodstained altar of Trog.
  1557 | D:2      | Found a shimmering altar of Xom.
  1568 | D:2      | Found a blossoming altar of Fedhas.
  1575 | D:2      | Found a snail-covered altar of Cheibriados.
  1580 | D:2      | Found an opulent altar of Gozag.
  1587 | D:2      | Found a sacrificial altar of Ru.
  1723 | D:2      | Reached XP level 4. HP: 26/26 MP: 5/5
  1926 | D:2      | Found a sparkling altar of Nemelex Xobeh.
  2850 | D:3      | Reached skill level 6 in Long Blades
  3066 | D:3      | Gained mutation: You can fly. [Tengu growth]
  3066 | D:3      | Reached XP level 5. HP: 30/30 MP: 6/6
  3681 | D:3      | Found a white marble altar of Elyvilon.
  3923 | D:3      | Noticed zegmoder's ghost (weakling DsBe)
  4406 | D:4      | Reached skill level 7 in Long Blades
  4406 | D:4      | Reached XP level 6. HP: 29/35 MP: 7/7
  4587 | D:4      | Noticed sheala's ghost (amateur DECj)
  4596 | D:4      | Killed sheala's ghost
  4743 | D:4      | Killed from afar by an orc priest

Skill      XL: |  1  2  3  4  5 |
---------------+----------------+-----
Long Blades    | 4 5 6 7 |  7.9
Fighting       | |  2.0
Throwing       | |  2.0
Dodging        | |  3.2

Action                   |  1- 3 |  4- 6 || total
-------------------------+-------+-------++-------
Melee: Long sword        |    71 |   167 ||   238
       Kick              |    22 |    51 ||    73
       Peck              |    10 |    33 ||    43
  Use: Scroll            |       |     2 ||     2
       Potion            |       |     1 ||     1
 Stab: Sleeping          |     1 |     2 ||     3
  Eat: Chunk             |     3 |     9 ||    12
Armor: Leather armour    |    18 |    44 ||    62
       Skin              |       |     3 ||     3
Dodge: Dodged            |    55 |   115 ||   170
       Rpst.: Long sword |    19 |    41 ||    60
